 Dungeon Crawl Stone Soup version 0.25-a0-635-g0c6c292ef3 (webtiles) character file.

Game seed: 2658607376711223644, levelgen mode: deterministic

45 ipx the Vexing (level 3, -1/20 HPs)
             Began as a Gargoyle Arcane Marksman on Mar 20, 2020.
             Slain by a gnoll
             ... wielding a +4 spear
              (3 damage)
             ... on level 4 of the Dungeon.
             The game lasted 00:07:39 (494 turns).

ipx the Vexing (Gargoyle Arcane Marksman)            Turns: 494, Time: 00:07:40

Health: -1/20      AC: 12    Str: 14    XL:     3   Next: 64%
Magic:  6/6        EV:  9    Int: 13    God:
Gold:   80         SH:  0    Dex: 10    Spells: 3/6 levels left

rFire    . . .     SeeInvis .   b - +2 dagger (vamp)
rCold    . . .     Gourm    .   (no shield)
rNeg     + . .     Faith    .   j - +0 scale mail
rPois    ∞         Spirit   .   c - +2 helmet
rElec    +         Reflect  .   (no cloak)
rCorr    +         Harm     .   (no gloves)
MR       .....                  (no boots)
Stlth    ..........             (no amulet)
HPRegen  0.06/turn              z - ring of resist corrosion
MPRegen  0.10/turn              (no ring)

@: no status effects
A: negative energy resistance 1, electricity resistance, unbreathing,
petrification resistance, rot immunity, AC +3
a: no special abilities


You were on level 4 of the Dungeon.
You were not hungry.

You visited 1 branch of the dungeon, and saw 4 of its levels.

You collected 80 gold pieces.

Inventory:

Hand Weapons
 a - a +0 hand crossbow
 b - a +2 vampiric dagger (weapon)
Missiles
 d - 14 bolts
Armour
 c - a +2 helmet (worn)
 e - a +0 robe
 j - a +0 scale mail (worn)
Jewellery
 z - a ring of resist corrosion (left hand)
Scrolls
 g - 2 scrolls of identify {unknown}
 i - a scroll of amnesia {unknown}
 l - a scroll of fog {unknown}
Potions
 h - 2 potions of flight {unknown}
 k - a potion of brilliance {unknown}
Comestibles
 f - a ration


   Skills:
 + Level 1.5 Fighting
 + Level 0.5 Short Blades
   Level 1.0 Maces & Flails
 - Level 2.0 Crossbows
 - Level 1.5 Dodging
 - Level 2.0 Spellcasting
 + Level 3.1 Hexes


You had 3 spell levels left.
You knew the following spells:

 Your Spells              Type           Power        Failure   Level  Hunger
c - Corona                Hex            #......      32%         1    ##.....
s - Slow                  Hex            #.......     43%         2    ###....

Your spell library contained the following spells:

 Spells                   Type           Power        Failure   Level  Hunger
 Inner Flame              Hex/Fire       #.......     88%         3    ####...
 Portal Projectile        Hex/Tloc       #.....       88%         3    ####...
 Cause Fear               Hex            #.........   97%         4    #####..
 Leda's Liquefaction      Hex/Erth       #.........   99%         4    #####..


Dungeon Overview and Level Annotations

Branches:
Dungeon (4/15)
 Temple: D:4-7

Altars:


Innate Abilities, Weirdness & Mutations

You are resistant to torment.
Your stone body is resilient. (AC +3)
You are immune to poison.
You resist negative energy. (rN+)
You are resistant to electric shocks. (rElec)
You can survive without breathing.
You are immune to petrification.
You are immune to rotting.


Message History

The gnoll is moderately wounded.
The gnoll hits you but does no damage. x2
You hit the gnoll.
The gnoll is moderately wounded.
The gnoll hits you. The gnoll hits you but does no damage.
You hit the gnoll.
The gnoll is heavily wounded.
The gnoll hits you but does no damage. x2
You completely miss the gnoll.
The gnoll is heavily wounded.
The gnoll hits you but does no damage. x2
You hit the gnoll.
The gnoll is severely wounded.
The gnoll hits you. The gnoll hits you but does no damage.
You barely miss the gnoll.
The gnoll is severely wounded.
The gnoll hits you.
* * * LOW HITPOINT WARNING * * *
The gnoll hits you from afar with a +4 spear.
You die...

# #.
####.#######
..$.......g#
#.......#g#
#.....g.#g#
#.....gg#@#
#......g#.#
#.........#
#.#####.#.#
# #.#.#
#.### #.# .#


You could see 3 gnolls.

Vanquished Creatures
  A gnoll (D:4)
  An ooze (D:1)
  A worm (D:3)
  A dart slug (D:1)
  An orc (D:2)
  2 bats (D:1)
  3 goblins (D:1)
  5 hobgoblins
  A quokka (D:2)
  A ball python (D:1)
  3 frilled lizards
  4 kobolds (D:1)
  A rat (D:1)
25 creatures vanquished.

Notes
Turn   | Place    | Note
-------+----------+-------------------------------------------
     0 | D:1      | ipx the Gargoyle Arcane Marksman began the quest for the
                  | Orb.
     0 | D:1      | Reached XP level 1. HP: 12/12 MP: 2/2
    40 | D:1      | Reached XP level 2. HP: 14/16 MP: 4/4
    43 | D:1      | Reached skill level 3 in Hexes
   201 | D:1      | Learned a level 2 spell: Slow
   236 | D:1      | Reached skill level 1 in Maces & Flails
   236 | D:1      | Reached XP level 3. HP: 20/20 MP: 2/6
   494 | D:4      | Slain by a gnoll

Levels and vault maps discovered:
D:1:      zelgadis_glass_arrival_small, layout_rooms, supply_closet_lemuel
D:2:      minmay_inner_zag, layout_loops_ring
D:3:      wad_pebble_path, layout_basic, kennysheep_vampire_church,
          nicolae_overflow_crystal_walls, first_ration, lemuel_blue_sif_altar
D:4:      minmay_recursive_quarters, layout_basic, grunt_dithmenos_shadows,
          minmay_overflow_temple_star_quad, minmay_temple_entry_mist,
          fedhas_bush_and_centaur_altar, uniq_sigmund, uniq_eustachio

Skill      XL: |  1  2 |
---------------+-------+-----
Hexes          | 3 |  3.1
Spellcasting   | 2 |  2.0
Maces & Flails | 1 |  1.0
Fighting       | |  1.5
Short Blades   | |  0.5
Crossbows      | |  2.0
Dodging        | |  1.5

Action                   || total
-------------------------++-------
Melee: Dagger            ||    39
       Whip              ||     5
       Unarmed           ||     3
 Fire: Hand crossbow     ||    31
 Cast: Corona            ||    13
Armor: Robe              ||    18
       Scale mail        ||    15
Dodge: Dodged            ||    29

Table legend:
 A = Non-vault XP
 B = Vault XP
 C = Vault XP percentage of total XP
 D = Non-vault monster count
 E = Vault monster count
 F = Vault count percentage of total count
                 A         B        C        D         E       F
            +---------+---------+-------+---------+---------+-------
      Total |      65 |       0 |   0.0 |      25 |       0 |   0.0
            +---------+---------+-------+---------+---------+-------
        D:1 |      38 |       0 |   0.0 |      19 |       0 |   0.0
        D:2 |       8 |       0 |   0.0 |       4 |       0 |   0.0
        D:3 |       5 |       0 |   0.0 |       1 |       0 |   0.0
        D:4 |      14 |       0 |   0.0 |       1 |       0 |   0.0
            +---------+---------+-------+---------+---------+-------
